Wild vs Avalanche

Created - October 14 2009 at 19:23

Simulating a Pre-Season

Goals
1 2 3 T
Wild 0 2 0 2
Avalanche 3 0 0 3
Shots
1 2 3 T
Wild 7 9 3 19
Avalanche 7 3 16 26

Period #1

1. Avalanche , Jordan Staal 3 (Owen Nolan) at 0:59
2. Avalanche , Wojtek Wolski 2 (Curtis Glencross) at 9:36
3. Avalanche , Joe Sakic 2 (Jeff Finger, Daniel Briere) at 17:02 (PP)

Penalties :
T.J. Oshie (COL) for Hooking (Minor) at 2:08, Philippe Boucher (MIN) for Tripping (Minor) at 7:15, Kyle Quincey (COL) for Elbowing (Minor) at 13:27, Niclas Wallin (MIN) for High sticking (Double Minor) at 15:51

Period #2

4. Wild , Mathieu Darche 1 (Stephane Robidas, Blair Betts) at 14:19
5. Wild , Bryan McCabe 3 (Jason Arnott, Marian Gaborik) at 16:02 (PP)

Penalties :
Brad Stuart (MIN) for Hooking (Minor) at 3:29, Troy Brouwer (COL) for Interference (Minor) at 14:44

Period #3

No Goal

Penalties :
Daniel Briere (COL) for Hooking (Minor) at 0:08, Philippe Boucher (MIN) for Delaying the game (Minor) at 3:40, Michal Rozsival (MIN) for Boarding (Minor) at 5:53, Jeff Finger (COL) for Slashing (Minor) at 7:44, Ruslan Salei (MIN) for Holding (Minor) at 12:31, Niclas Wallin (MIN) for Tripping (Minor) at 12:34, Jordan Staal (COL) for Hooking (Minor) at 13:55

Goalie Stats

Chris Mason (MIN), 23 saves from 26 shots - (0.885), L, 4-3-0, 59:36 minutes
Yann Danis (COL), 17 saves from 19 shots - (0.895), W, 2-0-0, 60:00 minutes

Players Stats

Wild
Player Name              G  A  P  +/- PIM S  H  SB FO    MP 
------------------------------------------------------------
Alexei Ponikarovsky      0  0  0  -1  0   1  1  1  2/3   21 
Blair Betts              0  1  1   1  0   0  0  0  12/23 19 
Brad Stuart              0  0  0  -1  2   0  0  0  0/0   20 
Bryan McCabe             1  0  1   0  0   2  0  1  0/0   10 
Jason Arnott             0  1  1  -1  0   1  0  0  6/15  18 
Jonathan Cheechoo        0  0  0   1  0   2  4  1  0/0   12 
Krys Kolanos             0  0  0   0  0   0  1  0  5/9   6  
Marian Gaborik           0  1  1  -1  0   6  1  0  0/0   19 
Mathieu Darche           1  0  1   1  0   1  1  0  0/1   17 
Michal Rozsival          0  0  0  -1  2   0  1  0  0/0   18 
Milan Michalek           0  0  0  -1  0   2  1  0  2/2   17 
Niclas Wallin            0  0  0   1  6   0  4  0  0/0   16 
Olli Jokinen             0  0  0  -1  0   3  3  0  10/23 18 
Philippe Boucher         0  0  0  -1  4   0  1  0  0/0   16 
Ruslan Salei             0  0  0  -1  2   0  1  0  0/0   14 
Sean O'Donnell           0  0  0   0  0   0  1  2  0/0   6  
Shane Doan               0  0  0  -1  0   1  1  0  0/0   18 
Stephane Robidas         0  1  1   1  0   0  0  1  0/0   20 
Avalanche
Player Name              G  A  P  +/- PIM S  H  SB FO    MP 
------------------------------------------------------------
Chris Drury              0  0  0   0  0   3  0  0  12/17 21 
Cory Murphy              0  0  0   0  0   0  0  0  0/0   5  
Curtis Glencross         0  1  1   1  0   2  0  1  1/1   11 
Daniel Alfredsson        0  0  0   0  0   0  2  1  0/3   19 
Daniel Briere            0  1  1  -1  2   1  1  0  0/0   15 
Jeff Finger              0  1  1   1  2   1  0  0  0/0   21 
Joe Corvo                0  0  0   0  0   1  0  0  0/0   24 
Joe Sakic                1  0  1  -1  0   4  0  1  11/21 17 
Jordan Staal             1  0  1   1  2   3  1  0  11/20 17 
Kyle Quincey             0  0  0  -1  2   0  1  0  0/0   19 
Owen Nolan               0  1  1   1  0   3  0  0  0/0   16 
Petr Sykora              0  0  0  -1  0   2  1  0  0/0   16 
Rene Bourque             0  0  0   1  0   1  6  0  0/1   10 
Steve Staios             0  0  0   2  0   0  1  0  0/0   21 
T.J. Oshie               0  0  0  -1  2   3  1  0  0/0   15 
Tim Gleason              0  0  0   1  0   0  2  1  0/0   22 
Troy Brouwer             0  0  0   1  2   0  1  0  0/1   10 
Wojtek Wolski            1  0  1   1  0   2  1  0  4/12  10 

3 Stars

1 - Mathieu Darche (MIN)
2 - Wojtek Wolski (COL)
3 - Bryan McCabe (MIN)

Power Play

Wild - 1 on 6 Attempt(s) - 16.67%
Avalanche - 1 on 7 Attempt(s) - 14.29%

Penalty Kill

Wild - 6 on 7 Attempt(s) - 85.71% - Score 0 goal in Penalty Kill
Avalanche - 5 on 6 Attempt(s) - 83.33% - Score 0 goal in Penalty Kill

Game Notes

Cory Murphy is injured at 15:51 of 1st period (Bruised Right Arm)

Play by Play

Period #1

0:01 of 1st period - Alexei Ponikarovsky wins face-off versus Chris Drury in neutral zone.
0:49 of 1st period - Philippe Boucher is hit by Tim Gleason and loses puck.
0:57 of 1st period - Icing by Olli Jokinen.
0:58 of 1st period - Jordan Staal wins face-off versus Olli Jokinen in Wild zone.
0:59 of 1st period - Shot by Owen Nolan.
0:59 of 1st period - Deflect By Jordan Staal.
0:59 of 1st period - Goal by Jordan Staal - Wild : 0 - Avalanche : 1.
1:00 of 1st period - Milan Michalek wins face-off versus Jordan Staal in neutral zone.
1:00 of 1st period - Shane Doan is hit by Rene Bourque and loses puck.
1:06 of 1st period - Michal Rozsival is hit by Steve Staios and loses puck.
1:19 of 1st period - Shot by Jason Arnott.
1:19 of 1st period - Stopped by Yann Danis without a rebound.
1:20 of 1st period - Joe Sakic wins face-off versus Blair Betts in Avalanche zone.
1:30 of 1st period - Joe Sakic is hit by Jonathan Cheechoo and loses puck.
1:51 of 1st period - Shot by Blair Betts.
1:51 of 1st period - Shot Misses the Net.
1:59 of 1st period - Shot by Jonathan Cheechoo.
1:59 of 1st period - Stopped by Yann Danis with a rebound.
2:08 of 1st period - Minor Penalty to T.J. Oshie for Hooking.
2:09 of 1st period - Jordan Staal wins face-off versus Jason Arnott in Avalanche zone.
2:20 of 1st period - Shot by Marian Gaborik.
2:20 of 1st period - Stopped by Yann Danis with a rebound.
2:22 of 1st period - Shot by Michal Rozsival.
2:22 of 1st period - Deflect By Marian Gaborik.
2:22 of 1st period - Stopped by Yann Danis without a rebound.
2:23 of 1st period - Chris Drury wins face-off versus Olli Jokinen in Avalanche zone.
2:56 of 1st period - Off-side.
2:57 of 1st period - Jordan Staal wins face-off versus Jason Arnott in neutral zone.
3:31 of 1st period - Shot by Michal Rozsival.
3:31 of 1st period - Shot Misses the Net.
3:33 of 1st period - Shot by Michal Rozsival.
3:33 of 1st period - Shot Misses the Net.
3:35 of 1st period - Shot by Bryan McCabe.
3:35 of 1st period - Shot Misses the Net.
5:52 of 1st period - Philippe Boucher is hit by Rene Bourque and loses puck.
6:07 of 1st period - Shot by Olli Jokinen.
6:07 of 1st period - Shot Misses the Net.
7:15 of 1st period - Minor Penalty to Philippe Boucher for Tripping.
7:16 of 1st period - Blair Betts wins face-off versus Joe Sakic in Wild zone.
7:46 of 1st period - Icing by Owen Nolan.
7:47 of 1st period - Joe Sakic wins face-off versus Krys Kolanos in Avalanche zone.
7:47 of 1st period - Joe Sakic is hit by Krys Kolanos.
8:04 of 1st period - Icing by Kyle Quincey.
8:05 of 1st period - Krys Kolanos wins face-off versus Daniel Alfredsson in Avalanche zone.
8:36 of 1st period - Shot by Daniel Alfredsson.
8:36 of 1st period - Shot Blocked by Stephane Robidas.
9:10 of 1st period - Shot by Joe Sakic.
9:10 of 1st period - Stopped by Chris Mason with a rebound.
9:12 of 1st period - Shot by Jeff Finger.
9:12 of 1st period - Stopped by Chris Mason with a rebound.
9:14 of 1st period - Shot by Jeff Finger.
9:14 of 1st period - Shot Misses the Net.
9:16 of 1st period - Shot by Wojtek Wolski.
9:16 of 1st period - Shot Hit the Post.
9:36 of 1st period - Shot by Wojtek Wolski.
9:36 of 1st period - Goal by Wojtek Wolski - Wild : 0 - Avalanche : 2.
9:37 of 1st period - Blair Betts wins face-off versus Troy Brouwer in neutral zone.
9:42 of 1st period - Tim Gleason is hit by Jonathan Cheechoo and loses puck.
9:51 of 1st period - Shot by Jonathan Cheechoo.
9:51 of 1st period - Shot Misses the Net.
10:00 of 1st period - Troy Brouwer is hit by Niclas Wallin and loses puck.
10:14 of 1st period - Icing by Tim Gleason.
10:15 of 1st period - Wojtek Wolski wins face-off versus Jason Arnott in Avalanche zone.
10:53 of 1st period - Shane Doan is hit by Rene Bourque and loses puck.
11:48 of 1st period - Shot by Marian Gaborik.
11:48 of 1st period - Deflect By Olli Jokinen.
11:48 of 1st period - Stopped by Yann Danis without a rebound.
11:49 of 1st period - Blair Betts wins face-off versus Chris Drury in Avalanche zone.
11:58 of 1st period - Shot by Cory Murphy.
11:58 of 1st period - Shot Blocked by Jonathan Cheechoo.
12:02 of 1st period - Shot by Chris Drury.
12:02 of 1st period - Shot Misses the Net.
12:07 of 1st period - Daniel Alfredsson is hit by Niclas Wallin and loses puck.
12:50 of 1st period - Shot by Joe Sakic.
12:50 of 1st period - Stopped by Chris Mason without a rebound.
12:51 of 1st period - Jordan Staal wins face-off versus Jason Arnott in Wild zone.
12:54 of 1st period - Shot by Rene Bourque.
12:54 of 1st period - Shot Blocked by Bryan McCabe.
13:13 of 1st period - Icing by Jason Arnott.
13:14 of 1st period - Jason Arnott wins face-off versus Wojtek Wolski in Wild zone.
13:14 of 1st period - Jason Arnott is hit by Wojtek Wolski.
13:25 of 1st period - Icing by Kyle Quincey.
13:26 of 1st period - Olli Jokinen wins face-off versus Wojtek Wolski in Avalanche zone.
13:26 of 1st period - Olli Jokinen is hit by Kyle Quincey.
13:27 of 1st period - Minor Penalty to Kyle Quincey for Elbowing.
13:28 of 1st period - Chris Drury wins face-off versus Olli Jokinen in Avalanche zone.
13:43 of 1st period - Shot by Stephane Robidas.
13:43 of 1st period - Shot Blocked by Daniel Alfredsson.
14:38 of 1st period - Shot by Marian Gaborik.
14:38 of 1st period - Stopped by Yann Danis without a rebound.
14:39 of 1st period - Alexei Ponikarovsky wins face-off versus Chris Drury in Avalanche zone.
15:07 of 1st period - Shot by Alexei Ponikarovsky.
15:07 of 1st period - Shot Misses the Net.
15:29 of 1st period - Shot by Marian Gaborik.
15:29 of 1st period - Shot Misses the Net.
15:50 of 1st period - Cory Murphy is hit by Niclas Wallin.
15:51 of 1st period - Double Minor Penalty to Niclas Wallin for High sticking.
15:51 of 1st period - Cory Murphy from Avalanche is injured at 15:51 of 1st period (Bruised Right Arm).
15:52 of 1st period - Chris Drury wins face-off versus Blair Betts in Wild zone.
16:13 of 1st period - Krys Kolanos is hit by Daniel Alfredsson and loses puck.
17:00 of 1st period - Shot by Joe Sakic.
17:00 of 1st period - Shot Blocked by Alexei Ponikarovsky.
17:02 of 1st period - Shot by Jeff Finger.
17:02 of 1st period - Deflect By Joe Sakic.
17:02 of 1st period - Goal by Joe Sakic - Wild : 0 - Avalanche : 3.
17:03 of 1st period - Joe Sakic wins face-off versus Blair Betts in neutral zone.
17:25 of 1st period - Icing by Chris Drury.
17:26 of 1st period - Joe Sakic wins face-off versus Krys Kolanos in Avalanche zone.
18:28 of 1st period - Icing by Kyle Quincey.
18:29 of 1st period - Jordan Staal wins face-off versus Krys Kolanos in Avalanche zone.
19:02 of 1st period - Shot by Jordan Staal.
19:02 of 1st period - Stopped by Chris Mason with a rebound.
19:16 of 1st period - Shot by Shane Doan.
19:16 of 1st period - Shot Misses the Net.
19:20 of 1st period - Shot by Michal Rozsival.
19:20 of 1st period - Shot Misses the Net.
19:32 of 1st period - Shot by Milan Michalek.
19:32 of 1st period - Stopped by Yann Danis without a rebound.
19:33 of 1st period - Joe Sakic wins face-off versus Olli Jokinen in Avalanche zone.
19:33 of 1st period - Joe Sakic is hit by Olli Jokinen.
19:42 of 1st period - Shot by Olli Jokinen.
19:42 of 1st period - Shot Misses the Net.
19:56 of 1st period - Shot by Marian Gaborik.
19:56 of 1st period - Shot Misses the Net.
19:58 of 1st period - Shot by Alexei Ponikarovsky.
19:58 of 1st period - Shot Misses the Net.

Period #2

0:01 of 2nd period - Chris Drury wins face-off versus Olli Jokinen in neutral zone.
0:04 of 2nd period - Olli Jokinen is hit by Daniel Alfredsson and loses puck.
0:29 of 2nd period - Shot by Daniel Alfredsson.
0:29 of 2nd period - Shot Misses the Net.
0:35 of 2nd period - Shot by Alexei Ponikarovsky.
0:35 of 2nd period - Shot Misses the Net.
0:50 of 2nd period - Off-side.
0:51 of 2nd period - Blair Betts wins face-off versus Jordan Staal in neutral zone.
2:06 of 2nd period - Icing by Jason Arnott.
2:07 of 2nd period - Wojtek Wolski wins face-off versus Jason Arnott in Wild zone.
2:07 of 2nd period - Wojtek Wolski is hit by Ruslan Salei.
2:40 of 2nd period - Icing by Tim Gleason.
2:41 of 2nd period - Olli Jokinen wins face-off versus Wojtek Wolski in Avalanche zone.
2:42 of 2nd period - Shot by Alexei Ponikarovsky.
2:42 of 2nd period - Shot Misses the Net.
3:26 of 2nd period - Shot by Chris Drury.
3:26 of 2nd period - Stopped by Chris Mason with a rebound.
3:29 of 2nd period - Minor Penalty to Brad Stuart for Hooking.
3:30 of 2nd period - Joe Sakic wins face-off versus Blair Betts in Wild zone.
3:38 of 2nd period - Daniel Briere is hit by Niclas Wallin and loses puck.
3:49 of 2nd period - Shot by Owen Nolan.
3:49 of 2nd period - Shot Misses the Net.
4:31 of 2nd period - Stephane Robidas is hit by Petr Sykora and loses puck.
6:02 of 2nd period - Shot by Bryan McCabe.
6:02 of 2nd period - Stopped by Yann Danis without a rebound.
6:03 of 2nd period - Joe Sakic wins face-off versus Olli Jokinen in Avalanche zone.
6:27 of 2nd period - Shot by Chris Drury.
6:27 of 2nd period - Shot Misses the Net.
7:33 of 2nd period - Icing by Kyle Quincey.
7:34 of 2nd period - Joe Sakic wins face-off versus Blair Betts in Avalanche zone.
7:34 of 2nd period - Joe Sakic is hit by Jonathan Cheechoo.
7:54 of 2nd period - Shot by Marian Gaborik.
7:54 of 2nd period - Stopped by Yann Danis without a rebound.
7:55 of 2nd period - Olli Jokinen wins face-off versus Wojtek Wolski in Avalanche zone.
8:06 of 2nd period - Shot by Olli Jokinen.
8:06 of 2nd period - Stopped by Yann Danis without a rebound.
8:07 of 2nd period - Jason Arnott wins face-off versus Jordan Staal in Avalanche zone.
8:42 of 2nd period - Icing by Jeff Finger.
8:43 of 2nd period - Jordan Staal wins face-off versus Blair Betts in Avalanche zone.
8:43 of 2nd period - Jordan Staal is hit by Jonathan Cheechoo.
9:35 of 2nd period - Shot by Marian Gaborik.
9:35 of 2nd period - Stopped by Yann Danis without a rebound.
9:36 of 2nd period - Olli Jokinen wins face-off versus Wojtek Wolski in Avalanche zone.
10:43 of 2nd period - Icing by Michal Rozsival.
10:44 of 2nd period - Jason Arnott wins face-off versus Jordan Staal in Wild zone.
10:59 of 2nd period - Shot by Milan Michalek.
10:59 of 2nd period - Stopped by Yann Danis without a rebound.
11:00 of 2nd period - Blair Betts wins face-off versus Joe Sakic in Avalanche zone.
11:38 of 2nd period - Off-side.
11:39 of 2nd period - Jordan Staal wins face-off versus Olli Jokinen in neutral zone.
11:43 of 2nd period - Icing by Alexei Ponikarovsky.
11:44 of 2nd period - Jordan Staal wins face-off versus Alexei Ponikarovsky in Wild zone.
12:38 of 2nd period - Brad Stuart is hit by Rene Bourque and loses puck.
12:48 of 2nd period - Chris Drury is hit by Alexei Ponikarovsky and loses puck.
13:35 of 2nd period - Shot by Jason Arnott.
13:35 of 2nd period - Shot Misses the Net.
14:15 of 2nd period - Shot by Blair Betts.
14:15 of 2nd period - Shot Blocked by Joe Sakic.
14:19 of 2nd period - Shot by Mathieu Darche.
14:19 of 2nd period - Goal by Mathieu Darche - Wild : 1 - Avalanche : 3.
14:20 of 2nd period - Jason Arnott wins face-off versus Wojtek Wolski in neutral zone.
14:20 of 2nd period - Jason Arnott is hit by Troy Brouwer.
14:23 of 2nd period - Bryan McCabe is hit by Tim Gleason.
14:44 of 2nd period - Minor Penalty to Troy Brouwer for Interference.
14:45 of 2nd period - Olli Jokinen wins face-off versus Jordan Staal in Avalanche zone.
14:48 of 2nd period - Shot by Shane Doan.
14:48 of 2nd period - Stopped by Yann Danis with a rebound.
16:00 of 2nd period - Shot by Jason Arnott.
16:00 of 2nd period - Shot Misses the Net.
16:02 of 2nd period - Shot by Bryan McCabe.
16:02 of 2nd period - Goal by Bryan McCabe - Wild : 2 - Avalanche : 3.
16:03 of 2nd period - Blair Betts wins face-off versus Wojtek Wolski in neutral zone.
16:21 of 2nd period - Shot by Mathieu Darche.
16:21 of 2nd period - Shot Blocked by Tim Gleason.
16:25 of 2nd period - Shot by Mathieu Darche.
16:25 of 2nd period - Shot Misses the Net.
16:29 of 2nd period - Shot by Jonathan Cheechoo.
16:29 of 2nd period - Shot Blocked by Curtis Glencross.
16:48 of 2nd period - Icing by Kyle Quincey.
16:49 of 2nd period - Olli Jokinen wins face-off versus Wojtek Wolski in Avalanche zone.
17:05 of 2nd period - Shot by Marian Gaborik.
17:05 of 2nd period - Stopped by Yann Danis without a rebound.
17:06 of 2nd period - Jordan Staal wins face-off versus Jason Arnott in Avalanche zone.
17:17 of 2nd period - Shot by Owen Nolan.
17:17 of 2nd period - Deflect By Rene Bourque.
17:17 of 2nd period - Stopped by Chris Mason without a rebound.
17:18 of 2nd period - Milan Michalek wins face-off versus Chris Drury in Wild zone.
17:32 of 2nd period - Off-side.
17:33 of 2nd period - Blair Betts wins face-off versus Jordan Staal in neutral zone.
18:02 of 2nd period - Shot by Owen Nolan.
18:02 of 2nd period - Stopped by Chris Mason without a rebound.
18:03 of 2nd period - Chris Drury wins face-off versus Olli Jokinen in Wild zone.
18:10 of 2nd period - Tim Gleason is hit by Olli Jokinen and loses puck.
18:24 of 2nd period - Daniel Briere is hit by Olli Jokinen.
18:30 of 2nd period - Shot by Chris Drury.
18:30 of 2nd period - Shot Misses the Net.
18:52 of 2nd period - Icing by Philippe Boucher.
18:53 of 2nd period - Olli Jokinen wins face-off versus Joe Sakic in Wild zone.
19:21 of 2nd period - Off-side.
19:22 of 2nd period - Jordan Staal wins face-off versus Blair Betts in neutral zone.
19:34 of 2nd period - Off-side.
19:35 of 2nd period - Curtis Glencross wins face-off versus Jason Arnott in neutral zone.

Period #3

0:01 of 3rd period - Olli Jokinen wins face-off versus Chris Drury in neutral zone.
0:08 of 3rd period - Minor Penalty to Daniel Briere for Hooking.
0:09 of 3rd period - Jordan Staal wins face-off versus Jason Arnott in Avalanche zone.
0:09 of 3rd period - Jordan Staal is hit by Milan Michalek.
0:25 of 3rd period - Shot by Marian Gaborik.
0:25 of 3rd period - Shot Misses the Net.
1:10 of 3rd period - Shot by Olli Jokinen.
1:10 of 3rd period - Stopped by Yann Danis with a rebound.
1:14 of 3rd period - Shot by Alexei Ponikarovsky.
1:14 of 3rd period - Stopped by Yann Danis without a rebound.
1:15 of 3rd period - Chris Drury wins face-off versus Olli Jokinen in Avalanche zone.
1:32 of 3rd period - Shot by T.J. Oshie.
1:32 of 3rd period - Stopped by Chris Mason without a rebound.
1:33 of 3rd period - Jason Arnott wins face-off versus Daniel Alfredsson in Wild zone.
2:02 of 3rd period - Shot by Jason Arnott.
2:02 of 3rd period - Shot Misses the Net.
2:32 of 3rd period - Shot by Owen Nolan.
2:32 of 3rd period - Stopped by Chris Mason without a rebound.
2:33 of 3rd period - Olli Jokinen wins face-off versus Joe Sakic in Wild zone.
2:54 of 3rd period - Shot by Joe Sakic.
2:54 of 3rd period - Shot Misses the Net.
2:58 of 3rd period - Shot by Petr Sykora.
2:58 of 3rd period - Shot Misses the Net.
3:17 of 3rd period - Curtis Glencross is hit by Philippe Boucher.
3:25 of 3rd period - Shot by Wojtek Wolski.
3:25 of 3rd period - Stopped by Chris Mason with a rebound.
3:29 of 3rd period - Shot by Wojtek Wolski.
3:29 of 3rd period - Deflect By Curtis Glencross.
3:29 of 3rd period - Stopped by Chris Mason with a rebound.
3:40 of 3rd period - Minor Penalty to Philippe Boucher for Delaying the game.
3:41 of 3rd period - Blair Betts wins face-off versus Joe Sakic in Wild zone.
3:47 of 3rd period - Icing by Kyle Quincey.
3:48 of 3rd period - Blair Betts wins face-off versus Joe Sakic in Avalanche zone.
3:57 of 3rd period - Shot by Daniel Briere.
3:57 of 3rd period - Shot Blocked by Sean O'Donnell.
4:09 of 3rd period - Shot by Joe Sakic.
4:09 of 3rd period - Stopped by Chris Mason with a rebound.
4:13 of 3rd period - Shot by Daniel Briere.
4:13 of 3rd period - Deflect By Joe Sakic.
4:13 of 3rd period - Shot Blocked by Sean O'Donnell.
4:43 of 3rd period - Shot by Chris Drury.
4:43 of 3rd period - Stopped by Chris Mason without a rebound.
4:44 of 3rd period - Chris Drury wins face-off versus Blair Betts in Wild zone.
5:07 of 3rd period - Shot by Petr Sykora.
5:07 of 3rd period - Shot Misses the Net.
5:11 of 3rd period - Shot by Chris Drury.
5:11 of 3rd period - Shot Misses the Net.
5:13 of 3rd period - Shot by Joe Corvo.
5:13 of 3rd period - Stopped by Chris Mason without a rebound.
5:14 of 3rd period - Blair Betts wins face-off versus Joe Sakic in Wild zone.
5:14 of 3rd period - Blair Betts is hit by Jordan Staal.
5:53 of 3rd period - Minor Penalty to Michal Rozsival for Boarding.
5:54 of 3rd period - Krys Kolanos wins face-off versus Daniel Alfredsson in Wild zone.
6:07 of 3rd period - Shot by Owen Nolan.
6:07 of 3rd period - Shot Misses the Net.
6:43 of 3rd period - Shot by Chris Drury.
6:43 of 3rd period - Stopped by Chris Mason without a rebound.
6:44 of 3rd period - Chris Drury wins face-off versus Blair Betts in Wild zone.
7:00 of 3rd period - Petr Sykora is hit by Sean O'Donnell and loses puck.
7:07 of 3rd period - Shot by Petr Sykora.
7:07 of 3rd period - Stopped by Chris Mason without a rebound.
7:08 of 3rd period - Joe Sakic wins face-off versus Krys Kolanos in Wild zone.
7:09 of 3rd period - Shot by Owen Nolan.
7:09 of 3rd period - Stopped by Chris Mason without a rebound.
7:10 of 3rd period - Krys Kolanos wins face-off versus Joe Sakic in Wild zone.
7:44 of 3rd period - Minor Penalty to Jeff Finger for Slashing.
7:45 of 3rd period - Chris Drury wins face-off versus Olli Jokinen in Avalanche zone.
8:08 of 3rd period - Tim Gleason is hit by Marian Gaborik and loses puck.
8:48 of 3rd period - Icing by Stephane Robidas.
8:49 of 3rd period - Chris Drury wins face-off versus Olli Jokinen in Wild zone.
8:52 of 3rd period - Shot by T.J. Oshie.
8:52 of 3rd period - Stopped by Chris Mason without a rebound.
8:53 of 3rd period - Chris Drury wins face-off versus Olli Jokinen in Wild zone.
9:12 of 3rd period - Steve Staios is hit by Shane Doan and loses puck.
9:49 of 3rd period - Shot by Jonathan Cheechoo.
9:49 of 3rd period - Stopped by Yann Danis without a rebound.
9:50 of 3rd period - Wojtek Wolski wins face-off versus Blair Betts in Avalanche zone.
10:10 of 3rd period - Shot by Curtis Glencross.
10:10 of 3rd period - Stopped by Chris Mason with a rebound.
10:12 of 3rd period - Shot by Wojtek Wolski.
10:12 of 3rd period - Shot Misses the Net.
10:21 of 3rd period - Icing by Stephane Robidas.
10:22 of 3rd period - Joe Sakic wins face-off versus Mathieu Darche in Wild zone.
10:35 of 3rd period - Shot by Petr Sykora.
10:35 of 3rd period - Stopped by Chris Mason without a rebound.
10:36 of 3rd period - Jason Arnott wins face-off versus Jordan Staal in Wild zone.
10:59 of 3rd period - Shot by Jordan Staal.
10:59 of 3rd period - Stopped by Chris Mason without a rebound.
11:00 of 3rd period - Olli Jokinen wins face-off versus Joe Sakic in Wild zone.
11:40 of 3rd period - Icing by Brad Stuart.
11:41 of 3rd period - Chris Drury wins face-off versus Olli Jokinen in Wild zone.
11:44 of 3rd period - Shot by Daniel Briere.
11:44 of 3rd period - Stopped by Chris Mason with a rebound.
12:10 of 3rd period - Shot by Jason Arnott.
12:10 of 3rd period - Shot Misses the Net.
12:12 of 3rd period - Shot by Ruslan Salei.
12:12 of 3rd period - Shot Misses the Net.
12:31 of 3rd period - Minor Penalty to Ruslan Salei for Holding.
12:32 of 3rd period - Joe Sakic wins face-off versus Blair Betts in Wild zone.
12:34 of 3rd period - Minor Penalty to Niclas Wallin for Tripping.
12:35 of 3rd period - Krys Kolanos wins face-off versus Joe Sakic in Wild zone.
13:10 of 3rd period - Blair Betts is hit by Daniel Briere and loses puck.
13:55 of 3rd period - Minor Penalty to Jordan Staal for Hooking.
13:56 of 3rd period - Krys Kolanos wins face-off versus Rene Bourque in Avalanche zone.
14:15 of 3rd period - Stephane Robidas is hit by Rene Bourque and loses puck.
15:04 of 3rd period - Shot by Marian Gaborik.
15:04 of 3rd period - Shot Misses the Net.
15:24 of 3rd period - Shot by Olli Jokinen.
15:24 of 3rd period - Shot Misses the Net.
16:13 of 3rd period - Icing by Niclas Wallin.
16:14 of 3rd period - Blair Betts wins face-off versus Jordan Staal in Wild zone.
16:47 of 3rd period - Steve Staios is hit by Mathieu Darche and loses puck.
17:05 of 3rd period - Icing by Brad Stuart.
17:06 of 3rd period - Wojtek Wolski wins face-off versus Jason Arnott in Wild zone.
18:03 of 3rd period - T.J. Oshie is hit by Michal Rozsival and loses puck.
18:23 of 3rd period - Shot by T.J. Oshie.
18:23 of 3rd period - Shot Misses the Net.
18:29 of 3rd period - Shot by T.J. Oshie.
18:29 of 3rd period - Stopped by Chris Mason without a rebound.
18:30 of 3rd period - Blair Betts wins face-off versus Jordan Staal in Wild zone.
18:30 of 3rd period - Blair Betts is hit by Rene Bourque.
19:20 of 3rd period - Shot by Daniel Briere.
19:20 of 3rd period - Shot Misses the Net.
19:24 of 3rd period - Shot by Daniel Alfredsson.
19:24 of 3rd period - Shot Misses the Net.
19:26 of 3rd period - Shot by Joe Corvo.
19:26 of 3rd period - Shot Misses the Net.
19:36 of 3rd period - Wild, Chris Mason is pulled from the net.
19:56 of 3rd period - Milan Michalek is hit by T.J. Oshie and loses puck.


Output by the SimonT Hockey Simulator (STHS) for Stephane Roy -- Original Page W3C XHTML 1.0 Valid